 Dungeon Crawl Stone Soup version 0.31-a0-702-gf82c85558f (webtiles) character file.

Game seed: 17805962507328747116

441 qw the Shooter (level 7, -11/43 HPs)
             Began as a Gargoyle Hunter on Sept 8, 2023.
             Mangled by a chaos spawn (14 damage)
             ... on level 2 of the Abyss.
             The game lasted 00:01:23 (2888 turns).

qw the Shooter (Gargoyle Hunter)                    Turns: 2888, Time: 00:01:23

Health: -11/43     AC: 13    Str: 15    XL:     7   Next: 2%
Magic:  7/7        EV: 11    Int:  9    God:
Gold:   171        SH:  0    Dex: 15    Spells: 6/6 levels left

rFire   . . .        Y - +2 shortbow
rCold   . . .        (shield currently unavailable)
rNeg    + + .        j - +2 ring mail {rN+}
rPois   inf          (no helmet)
rElec   +            (no cloak)
rCorr   .            (no gloves)
SInv    .            d - +0 pair of boots
Will    .....        (no amulet)
Stlth   +            (no ring)
HPRegen 0.27/turn    (no ring)
MPRegen 0.10/turn

%: no passive effects
@: about to teleport, hasted, very quick
A: sickness immunity, AC +4, negative energy resistance 1, electricity
resistance, torment resistance 1, petrification resistance
a: no special abilities


You were on level 2 of the Abyss.
You visited 1 branch of the dungeon, and saw 4 of its levels.
You visited the Abyss 1 time.

You collected 171 gold pieces.


Innate Abilities, Weirdness & Mutations

You are immune to sickness and miasma.
Your stone body is resilient. (AC +4)
You are immune to poison.
You resist negative energy. (rN+)
You are resistant to electric shocks. (rElec)
You are resistant to unholy torment.
You are immune to petrification.


   Skills:
 - Level 4.0 Fighting
 + Level 7.4 Ranged Weapons
 - Level 1.0 Armour
 - Level 1.5 Dodging
 - Level 1.1 Stealth


You had 6 spell levels left.
You didn't know any spells.
Your spell library was empty.

Inventory:

Hand Weapons
 Y - a +2 shortbow (weapon)
Armour
 d - a +0 pair of boots (worn)
 j - a +2 ring mail of positive energy (worn)
Scrolls
 a - a scroll of identify
 e - a scroll of teleportation
Potions
 b - 2 potions of curing
 f - a potion of magic {unknown}
 i - a potion of enlightenment {unknown}
 k - a potion of might {unknown}

Dungeon Overview and Level Annotations

Branches:
Dungeon (4/15)
 Temple: D:4-7

Altars:
Qazlal

Annotations:
D:3 3 runed translucent doors, qw's ghost, amateur MiHs


Message History

The chaos spawn shouts!
The arrow hits the chaos spawn but does no damage.
You shoot an arrow. The arrow misses the chaos spawn.
You shoot an arrow. The arrow hits the chaos spawn.
The chaos spawn is lightly wounded.
You shoot an arrow.
The arrow barely misses the chaos spawn.
The chaos spawn gores you. The chaos spawn freezes you!
You shoot an arrow. The arrow hits the chaos spawn.
The chaos spawn is lightly wounded.
The chaos spawn barely misses you.
You shoot an arrow.
The arrow barely misses the chaos spawn.
The chaos spawn closely misses you.
The chaos spawn gores you but does no damage.
You shoot an arrow.
The arrow hits the chaos spawn but does no damage.
The chaos spawn is lightly wounded.
The chaos spawn gores you but does no damage.
You shoot an arrow. The arrow hits the chaos spawn.
The chaos spawn is moderately wounded.
The chaos spawn gores you!
You blink.
You shoot an arrow.
The arrow hits the chaos spawn but does no damage.
The chaos spawn is moderately wounded.
You shoot an arrow.
The arrow hits the chaos spawn but does no damage.
The chaos spawn is moderately wounded.
You shoot an arrow. The arrow hits the chaos spawn.
The chaos spawn is heavily wounded.
The chaos spawn gores you!
You feel yourself speed up.
2887 ||| READING 2 scrolls of teleportation.
As you read the scroll of teleportation, it crumbles to dust.
You feel strangely unstable.
You feel the power of the Abyss delaying your translocation!
The chaos spawn misses you.
You shoot an arrow. The arrow hits the chaos spawn.
The chaos spawn is heavily wounded.
The chaos spawn hits you!
You die...

##.....##. ..... . .
#..##...#.. ... . .
.##..##.....#......#
#.#. #.#..#.... # .
#...#...# .. .. .
##....##...... # ...
# #....#.#. .. .#...
# ..# #.4##.... .
... . .
.#.@#.....#... #
.... ##.# . ### ###
. #..#. . .#. . .##.
## #... #. .. ###..
.#. ...


You could see a chaos spawn.

Vanquished Creatures
  2 scorpions (D:3)
  Natasha (twice) (D:3)
  An iguana (D:4)
  7 gnolls (D:3)
  5 adders
  4 river rats (D:3)
  2 worms (D:3)
  3 dart slugs (D:3)
  2 orcs (D:3)
  8 endoplasms
  2 giant cockroaches
  7 goblins
  7 hobgoblins
  10 jackals
  8 kobolds
  3 quokkas
  8 ball pythons
  4 bats
  2 frilled lizards
  7 rats
94 creatures vanquished.

Notes
Turn   | Place    | Note
-------+----------+-------------------------------------------
     0 | D:1      | qw the Gargoyle Hunter began the quest for the Orb.
     0 | D:1      | Reached XP level 1. HP: 12/12 MP: 1/1
     0 | D:1      | 0 ||| qw: Version: 0.3-a-76-g4403597
     0 | D:1      | 0 ||| qw: Game counter: 1245
     0 | D:1      | 0 ||| qw: Melee chars always use a shield: true
     0 | D:1      | 0 ||| qw: God list: Okawaru
     0 | D:1      | 0 ||| qw: Allow faded altars: false
     0 | D:1      | 0 ||| qw: Do Orc after clearing Dungeon:15 true
     0 | D:1      | 0 ||| qw: Do second Lair branch before Depths: true
     0 | D:1      | 0 ||| qw: Lair rune preference: random
     0 | D:1      | 0 ||| qw: Goals: Normal
     0 | D:1      | 0 ||| PLANNING D:1-11
   125 | D:1      | Reached XP level 2. HP: 17/17 MP: 2/2
   689 | D:1      | 689 ||| UPGRADING to +0 pair of boots.
   694 | D:1      | 694 ||| UPGRADING to +2 ring mail of positive energy.
   704 | D:1      | 704 ||| DROPPING +0 leather armour.
   705 | D:1      | 705 ||| DROPPING ring of wizardry.
   706 | D:1      | 706 ||| READING scroll labelled YBUCYN DOQIDGHU.
   709 | D:1      | 709 ||| READING scroll labelled HULYFO BEMPA.
   710 | D:1      | 710 ||| READING scroll labelled YTSEHU VONGUS.
   711 | D:1      | 711 ||| READING scroll labelled YBRAPE AHOEME.
   712 | D:1      | 712 ||| READING scroll labelled URAVOU JINOBE.
   713 | D:1      | 713 ||| READING scroll labelled OJE OTHESOD.
   714 | D:1      | 714 ||| DROPPING scroll of butterflies.
   731 | D:2      | Reached XP level 3. HP: 21/21 MP: 3/3
   759 | D:2      | 759 ||| READING scroll of enchant weapon.
   759 | D:2      | 759 ||| ENCHANTING +1 shortbow.
   800 | D:2      | Reached skill level 1 in Armour
   816 | D:2      | Reached skill level 5 in Ranged Weapons
  1037 | D:2      | Reached XP level 4. HP: 27/27 MP: 4/4
  1038 | D:2      | Reached skill level 3 in Fighting
  1354 | D:2      | 1354 ||| READING 2 scrolls labelled JOMEUPRITE.
  1355 | D:2      | 1355 ||| DRINKING 3 murky orange potions.
  1376 | D:3      | 1376 ||| PLANNING SEWER
  1440 | D:3      | 1440 ||| Stepping ~*~*~tactically~*~*~ (retreating).
  1441 | D:3      | 1441 ||| Stepping ~*~*~tactically~*~*~ (retreating).
  1442 | D:3      | 1442 ||| Stepping ~*~*~tactically~*~*~ (retreating).
  1444 | D:3      | 1444 ||| Stepping ~*~*~tactically~*~*~ (retreating).
  1461 | D:3      | Reached XP level 5. HP: 19/32 MP: 5/5
  1587 | D:3      | Reached skill level 6 in Ranged Weapons
  1623 | D:3      | Reached XP level 6. HP: 20/38 MP: 6/6
  1763 | D:3      | Found a stormy altar of Qazlal.
  1876 | D:3      | Found a runed translucent gate.
  1876 | D:3      | Noticed qw's ghost (amateur MiHs)
  1877 | D:3      | Found a runed translucent gate.
  1878 | D:3      | Found a runed translucent gate.
  1999 | D:3      | Found a glowing drain.
  2000 | D:3      | 2000 ||| READING scroll labelled VOVORY SOUMON.
  2001 | D:3      | 2001 ||| READING scroll labelled YCUSME PYARE.
  2102 | D:3      | 2102 ||| RIP SEWER
  2102 | D:3      | 2102 ||| PLANNING D:1-11
  2248 | D:3      | 2248 ||| READING 2 scrolls of identify.
  2248 | D:3      | 2248 ||| IDENTIFYING smoky purple potion
  2249 | D:3      | 2249 ||| DROPPING potion of ambrosia.
  2276 | D:4      | Noticed Natasha
  2278 | D:4      | 2278 ||| FLEEEEING.
  2279 | D:4      | 2279 ||| FLEEEEING.
  2280 | D:4      | 2280 ||| FLEEEEING.
  2281 | D:4      | 2281 ||| STAIRDANCE
  2322 | D:4      | 2322 ||| STAIRDANCE
  2326 | D:3      | 2326 ||| Stepping ~*~*~tactically~*~*~ (retreating).
  2327 | D:3      | 2327 ||| Stepping ~*~*~tactically~*~*~ (retreating).
  2332 | D:3      | 2332 ||| Stepping ~*~*~tactically~*~*~ (retreating).
  2333 | D:3      | 2333 ||| Stepping ~*~*~tactically~*~*~ (retreating).
  2339 | D:3      | Reached skill level 7 in Ranged Weapons
  2339 | D:3      | Killed Natasha
  2433 | D:4      | 2433 ||| STAIRDANCE
  2478 | D:4      | 2478 ||| STAIRDANCE
  2478 | D:4      | HP: 6/38 [gnoll sergeant/+2 spear of distortion (21)]
  2625 | D:4      | 2625 ||| STAIRDANCE
  2628 | D:3      | HP: 8/38 [gnoll/+0 flail[a gnoll sergeant] (6)]
  2629 | D:3      | 2629 ||| READING 3 scrolls of teleportation.
  2811 | D:3      | Noticed Natasha
  2817 | D:3      | Killed Natasha
  2818 | D:3      | Reached XP level 7. HP: 43/43 MP: 7/7
  2841 | Abyss:2  | Cast into level 2 of the Abyss (gnoll sergeant)
  2876 | Abyss:2  | Noticed a chaos spawn
  2886 | Abyss:2  | HP: 2/43 [chaos spawn (14)]
  2887 | Abyss:2  | 2887 ||| READING 2 scrolls of teleportation.
  2888 | Abyss:2  | Mangled by a chaos spawn

Levels and vault maps discovered:
D:1:      onia_arrival_pyramid, layout_basic, kennysheep_nondescript,
          columned_hall_lemuel
D:2:      layout_loops_ring
D:3:      layout_rooms, nicolae_qazlal_general_emergency,
          lightli_sewer_entry_pipes, biasface_ghost_orc_armoury,
          minmay_misc_feat_hallway
D:4:      layout_cave_pools, mainiacjoe_overflow_alcove_1,
          minmay_misc_feat_room, uniq_natasha
Abyss:2:  base:
D:2

Skill      XL: |  1  2  3  4  5  6 |
---------------+-------------------+-----
Armour         | 1 |  1.0
Ranged Weapons | 5 6 7 |  7.4
Fighting       | 3 4 |  4.0
Dodging        | |  1.5
Stealth        | |  1.1

Action                     |  1- 3 |  4- 6 |  7- 9 || total
---------------------------+-------+-------+-------++-------
   Fire: Shortbow          |   126 |   202 |    12 ||   340
    Use: Scroll            |     7 |     5 |     1 ||    13
         Potion            |       |     1 |       ||     1
 Armour: Leather armour    |    16 |       |       ||    16
         Ring mail         |    21 |   138 |     7 ||   166
  Dodge: Dodged            |    50 |   137 |     3 ||   190

Table legend:
 A = Non-vault XP
 B = Vault XP
 C = Vault XP percentage of total XP
 D = Non-vault monster count
 E = Vault monster count
 F = Vault count percentage of total count
                 A         B        C        D         E       F
            +---------+---------+-------+---------+---------+-------
      Total |     474 |     156 |  24.8 |      78 |      16 |  17.0
            +---------+---------+-------+---------+---------+-------
        D:1 |      33 |       0 |   0.0 |      20 |       0 |   0.0
        D:2 |      56 |       0 |   0.0 |      25 |       0 |   0.0
        D:3 |     342 |     156 |  31.3 |      28 |      16 |  36.4
        D:4 |      43 |       0 |   0.0 |       5 |       0 |   0.0
            +---------+---------+-------+---------+---------+-------
